[Event "POL-chT DMP Ekstraliga 2019"]
[Site "Katowice"]
[Date "2019.09.02"]
[Round "6.5"]
[White "Bobras, Piotr"]
[Black "Butkiewicz, Lukasz"]
[Result "1-0"]
[ECO "B19"]
[WhiteElo "2488"]
[BlackElo "2436"]
[Annotator "ChessBase"]
[PlyCount "67"]
[EventDate "2019.08.28"]
[EventType "team-tourn"]
[EventCountry "POL"]
[SourceTitle "playchess.com"]
[Source "ChessBase"]
[SourceQuality "1"]
[TimeControl "40/5400+30:1800+30"]

1. e4 c6 2. d4 d5 3. Nc3 dxe4 4. Nxe4 Bf5 5. Ng3 Bg6 6. h4 h6 7. Nf3 Nd7 8. h5 Bh7 9. Bd3 Bxd3 10. Qxd3 Ngf6 11. Bd2 e6 12. O-O-O Be7 13. Kb1 O-O 14. Ne4 Nxe4 15. Qxe4 Nf6 16. Qe2 Qd5 17. Be3 b5 18. Ne5 Bd6 19. Nd3 a5 20. g4 a4 21. Rhg1 a3 22. b3 Ne4 23. Qe1 f6 24. c3 Rad8 25. Kc2 Kh8 26. Qe2 f5 27. g5 f4 28. gxh6 gxh6 29. Rg6 Kh7 30. Bc1 Ng5 31. Rg1 Qf5 32. Qg4 Qd5 33. Re1 c5 34. Rexe6 1-0

[Event "POL-chT DMP Ekstraliga 2019"]
[Site "Katowice"]
[Date "2019.09.02"]
[Round "6.6"]
[White "Bartel, Marta"]
[Black "Kiolbasa, Oliwia"]
[Result "1/2-1/2"]
[ECO "A40"]
[WhiteElo "2244"]
[BlackElo "2244"]
[Annotator "NA"]
[PlyCount "81"]
[EventDate "2019.08.28"]
[EventType "team-tourn"]
[EventCountry "POL"]
[SourceTitle "playchess.com"]
[Source "ChessBase"]
[SourceQuality "1"]
[TimeControl "40/5400+30:1800+30"]

1. d4 Nf6 2. c4 e6 3. g3 c5 4. d5 exd5 5. cxd5 b5 6. Bg2 Bb7 7. e4 d6 8. Ne2 g6 9. a4 b4 10. Nd2 Bg7 11. Nc4 O-O 12. Bf4 Ne8 13. Qc2 Na6 14. O-O Rb8 15. Nc1 f5 16. Qd2 fxe4 17. Bxe4 Nac7 18. Na5 Rxf4 19. Nxb7 Rxb7 20. gxf4 Qh4 21. Bg2 Nf6 22. h3 Bh6 23. Ne2 Nh5 24. Qe3 Rb8 25. Rae1 Re8 26. Qf3 Rf8 27. Qg4 Qxg4 28. hxg4 Nxf4 29. Nxf4 Bxf4 30. Re7 Rf7 31. Rfe1 g5 32. b3 Kf8 33. Rxf7+ Kxf7 34. Kf1 a5 35. Ke2 c4 36. bxc4 Na6 37. Rh1 Kg7 38. Be4 h6 39. Bc2 Nc5 40. Rb1 Be5 41. Kf3 1/2-1/2

[Event "POL-chT DMP Ekstraliga 2019"]
[Site "Katowice"]
[Date "2019.09.02"]
[Round "6.9"]
[White "Markowski, Tomasz"]
[Black "Piesik, Piotr"]
[Result "1/2-1/2"]
[ECO "A40"]
[WhiteElo "2537"]
[BlackElo "2409"]
[Annotator "ChessBase"]
[PlyCount "98"]
[EventDate "2019.08.28"]
[EventType "team-tourn"]
[EventCountry "POL"]
[SourceTitle "playchess.com"]
[Source "ChessBase"]
[SourceQuality "1"]
[TimeControl "40/5400+30:1800+30"]

1. d4 g6 2. Nf3 Bg7 3. c3 d6 4. e4 Nd7 5. Bd3 e5 6. O-O Ngf6 7. Re1 O-O 8. Nbd2 b6 9. Bf1 Bb7 10. d5 h6 11. c4 a5 12. Nb1 Nh7 13. Nc3 f5 14. exf5 gxf5 15. g3 Nc5 16. Be3 Qf6 17. Nh4 Ng5 18. Qc2 Rae8 19. Rad1 Bc8 20. f4 exf4 21. Bxf4 Nce4 22. Nb5 Re7 23. Bg2 Rfe8 24. Rf1 Qxb2 25. Qxb2 Bxb2 26. Bxg5 Nxg5 27. Nxf5 Bxf5 28. Rxf5 Re1+ 29. Rxe1 Rxe1+ 30. Rf1 Re7 31. h4 Nf7 32. Bh3 Kg7 33. Be6 Nd8 34. Bg4 Bf6 35. Kg2 Nb7 36. Bf5 Nc5 37. Rf4 Re2+ 38. Rf2 Re7 39. Kh3 Na6 40. Rf4 Be5 41. Rg4+ Kf6 42. Be4 Rg7 43. Rxg7 Kxg7 44. Kg4 Kf6 45. Kf3 Bb2 46. Bc2 Nb4 47. Bb1 Na6 48. Bc2 Nb4 49. Bb1 Na6 1/2-1/2

[Event "POL-chT DMP Ekstraliga 2019"]
[Site "Katowice"]
[Date "2019.09.02"]
[Round "6.10"]
[White "Simantsev, Mikhail"]
[Black "Nasuta, Grzegorz"]
[Result "1/2-1/2"]
[ECO "D70"]
[WhiteElo "2346"]
[BlackElo "2533"]
[Annotator "ChessBase"]
[PlyCount "85"]
[EventDate "2019.08.28"]
[EventType "team-tourn"]
[EventCountry "POL"]
[SourceTitle "playchess.com"]
[Source "ChessBase"]
[SourceQuality "1"]
[TimeControl "40/5400+30:1800+30"]

1. d4 Nf6 2. c4 g6 3. f3 d5 4. cxd5 Nxd5 5. e4 Nb6 6. Nc3 Bg7 7. Be3 O-O 8. Qd2 Nc6 9. O-O-O Qd6 10. Nb5 Qd7 11. Kb1 Rd8 12. d5 a6 13. Nc3 Qe8 14. Qc1 Na5 15. h4 e6 16. Bf4 Qe7 17. Bg5 f6 18. Bd2 exd5 19. Nxd5 Nxd5 20. Bxa5 Nb6 21. Rxd8+ Qxd8 22. Bxb6 cxb6 23. Bc4+ Kh8 24. h5 gxh5 25. Ne2 Bd7 26. Ng3 Be8 27. Bd5 Rc8 28. Qf4 Bg6 29. Nf5 Qd7 30. Rd1 Bxf5 31. exf5 Qc7 32. Qxc7 Rxc7 33. Be4 Bh6 34. a3 Kg7 35. Rh1 Rd7 36. Rxh5 Rd1+ 37. Ka2 Rd2 38. g4 Bf4 39. Rh1 Be5 40. Rb1 a5 41. Bxb7 h5 42. gxh5 Kh6 43. Kb3 1/2-1/2

[Event "POL-chT DMP Ekstraliga 2019"]
[Site "Katowice"]
[Date "2019.09.02"]
[Round "6.11"]
[White "Jakubowski, Krzysztof"]
[Black "Szustakowski, Antoni"]
[Result "0-1"]
[ECO "A00"]
[WhiteElo "2518"]
[BlackElo "2256"]
[Annotator "ChessBase"]
[PlyCount "93"]
[EventDate "2019.08.28"]
[EventType "team-tourn"]
[EventCountry "POL"]
[SourceTitle "playchess.com"]
[Source "ChessBase"]
[SourceQuality "1"]
[TimeControl "40/5400+30:1800+30"]

1. g3 d5 2. Bg2 Nf6 3. f4 g6 4. Nf3 Bg7 5. O-O O-O 6. d3 c5 7. Qe1 d4 8. h3 Qc7 9. Na3 Nc6 10. g4 Rb8 11. Qh4 e6 12. e4 dxe3 13. Bxe3 Nb4 14. Rae1 b5 15. Qf2 Na6 16. c4 bxc4 17. dxc4 Ne4 18. Qc2 Rxb2 19. Qxe4 Bb7 20. Qd3 Rd8 21. Nb5 Rxd3 22. Nxc7 Nxc7 23. Bxc5 Na6 24. Bxa7 Rxa2 25. Rf2 Rxf2 26. Kxf2 Rc3 27. Rd1 Rxc4 28. Ne5 Rxf4+ 29. Ke3 Bxe5 30. Bxb7 Nc7 31. g5 h6 32. gxh6 Kh7 33. Rd7 Kxh6 34. Ke2 Kg7 35. Kd3 Ne8 36. Rd8 Nf6 37. Ke2 Rb4 38. Bf3 Rb2+ 39. Kf1 Rb1+ 40. Kg2 Nh5 41. Be3 Rb2+ 42. Rd2 Rb3 43. Re2 Ng3 44. Bh6+ Kxh6 45. Rxe5 Nf5 46. Re4 g5 47. Be2 0-1

[Event "POL-chT DMP Ekstraliga 2019"]
[Site "Katowice"]
[Date "2019.09.02"]
[Round "6.12"]
[White "Antolak, Julia"]
[Black "Buksa, Nataliya"]
[Result "0-1"]
[ECO "C83"]
[WhiteElo "2240"]
[BlackElo "2406"]
[Annotator "NA"]
[PlyCount "68"]
[EventDate "2019.08.28"]
[EventType "team-tourn"]
[EventCountry "POL"]
[SourceTitle "playchess.com"]
[Source "ChessBase"]
[SourceQuality "1"]
[TimeControl "40/5400+30:1800+30"]

1. e4 e5 2. Nf3 Nc6 3. Bb5 a6 4. Ba4 Nf6 5. O-O Nxe4 6. d4 b5 7. Bb3 d5 8. dxe5 Be6 9. c3 Be7 10. Be3 Nc5 11. Bxc5 Bxc5 12. Nd4 Nxe5 13. Re1 Qf6 14. Qh5 Bxd4 15. cxd4 Nd3 16. Rxe6+ Qxe6 17. Nc3 O-O 18. Qf3 Nb4 19. a3 Rae8 20. Qd1 Nc6 21. Bxd5 Qf6 22. Be4 Nxd4 23. Qd3 h6 24. Rd1 c5 25. b4 cxb4 26. axb4 Nc6 27. Rb1 Qd4 28. Qf3 Nxb4 29. Qf5 g6 30. Qf3 Na2 31. Nd5 Kg7 32. Bc2 b4 33. Rd1 Nc3 34. Nxc3 Qxc3 0-1

[Event "POL-chT DMP Ekstraliga 2019"]
[Site "Katowice"]
[Date "2019.09.02"]
[Round "6.17"]
[White "Miton, Kamil"]
[Black "Czerwonski, Aleksander"]
[Result "1-0"]
[ECO "A04"]
[WhiteElo "2589"]
[BlackElo "2365"]
[Annotator "ChessBase"]
[PlyCount "75"]
[EventDate "2019.08.28"]
[EventType "team-tourn"]
[EventCountry "POL"]
[SourceTitle "playchess.com"]
[Source "ChessBase"]
[SourceQuality "1"]
[TimeControl "40/5400+30:1800+30"]

1. Nf3 d6 2. d4 Nf6 3. c4 g6 4. g3 Bg7 5. Bg2 O-O 6. O-O c5 7. dxc5 dxc5 8. Ne5 Nfd7 9. Nd3 Nc6 10. Nc3 Nde5 11. Nxc5 Nxc4 12. Qa4 Nd6 13. Rd1 Qb6 14. Nb3 Be6 15. Be3 Qc7 16. Nc5 Bc4 17. Nxb7 Qxb7 18. Bxc6 Qxb2 19. Bxa8 Rxa8 20. Qc6 Rf8 21. Nd5 Bxd5 22. Qxd5 Qxe2 23. Rac1 Qa6 24. Rc5 Nf5 25. Ra5 Qe2 26. Qd3 Qg4 27. Bxa7 e5 28. f3 Qb4 29. Qa3 Qb7 30. Qb3 Qc6 31. Qd5 Qc2 32. Qb3 Qc6 33. Rc5 Qa6 34. Rc7 Qe2 35. Bc5 Bh6 36. Qd3 Qxa2 37. Bxf8 Bxf8 38. Qd5 1-0

[Event "POL-chT DMP Ekstraliga 2019"]
[Site "Katowice"]
[Date "2019.09.02"]
[Round "6.18"]
[White "Cyfka, Karina"]
[Black "Socko, Monika"]
[Result "1/2-1/2"]
[ECO "A57"]
[WhiteElo "2413"]
[BlackElo "2436"]
[Annotator "NA"]
[PlyCount "84"]
[EventDate "2019.08.28"]
[EventType "team-tourn"]
[EventCountry "POL"]
[SourceTitle "playchess.com"]
[Source "ChessBase"]
[SourceQuality "1"]
[TimeControl "40/5400+30:1800+30"]

1. d4 Nf6 2. c4 c5 3. d5 b5 4. cxb5 a6 5. b6 d6 6. Nc3 Nbd7 7. a4 a5 8. e4 g6 9. Nf3 Bg7 10. Bb5 O-O 11. O-O Nxb6 12. h3 Ne8 13. Re1 Nc7 14. Bc6 Rb8 15. e5 Nc4 16. exd6 exd6 17. Qe2 Nb6 18. Bg5 f6 19. Bf4 Ba6 20. Qc2 Nc4 21. b3 Ne5 22. Nxe5 fxe5 23. Be3 Bc8 24. Ne4 Bf5 25. Bd2 Na6 26. Qc4 Nb4 27. Bb5 Kh8 28. Rac1 Rc8 29. Bg5 Qc7 30. Bd2 Bxe4 31. Qxe4 Qf7 32. f3 Ra8 33. Bc4 Qe7 34. Rf1 Rf7 35. Rce1 Raf8 36. Bc1 Qd8 37. Bd2 Rg8 38. Rc1 Rgf8 39. Kh1 Rf5 40. Kg1 R5f7 41. Kh1 Rf5 42. Kg1 R5f7 1/2-1/2

[Event "POL-chT DMP Ekstraliga 2019"]
[Site "Katowice"]
[Date "2019.09.02"]
[Round "6.21"]
[White "Dziuba, Marcin"]
[Black "Tazbir, Marcin"]
[Result "1/2-1/2"]
[ECO "A05"]
[WhiteElo "2568"]
[BlackElo "2521"]
[Annotator "ChessBase"]
[PlyCount "39"]
[EventDate "2019.08.28"]
[EventType "team-tourn"]
[EventCountry "POL"]
[SourceTitle "playchess.com"]
[Source "ChessBase"]
[SourceQuality "1"]
[TimeControl "40/5400+30:1800+30"]

1. Nf3 Nf6 2. g3 b5 3. Bg2 Bb7 4. O-O e6 5. b3 Be7 6. c4 a6 7. d3 d5 8. Nbd2 O-O 9. Bb2 c5 10. cxd5 Nxd5 11. Qc2 Nd7 12. Rfc1 Rc8 13. Ne4 Qb6 14. Qd2 Rfd8 15. a3 h6 16. Nc3 Bf6 17. Nxd5 Bxd5 18. Bxf6 Nxf6 19. Qb2 Rc7 20. Rc2 1/2-1/2

[Event "POL-chT DMP Ekstraliga 2019"]
[Site "Katowice"]
[Date "2019.09.02"]
[Round "6.22"]
[White "Sadzikowski, Daniel"]
[Black "Michalik, Peter"]
[Result "0-1"]
[ECO "D11"]
[WhiteElo "2502"]
[BlackElo "2573"]
[Annotator "ChessBase"]
[PlyCount "86"]
[EventDate "2019.08.28"]
[EventType "team-tourn"]
[EventCountry "POL"]
[SourceTitle "playchess.com"]
[Source "ChessBase"]
[SourceQuality "1"]
[TimeControl "40/5400+30:1800+30"]

1. d4 d5 2. c4 c6 3. Nf3 Nf6 4. e3 Bg4 5. Qb3 Qb6 6. Ne5 Bh5 7. Qxb6 axb6 8. cxd5 Nxd5 9. g4 Bg6 10. Nxg6 hxg6 11. Nc3 e6 12. Bd2 Nd7 13. Nxd5 exd5 14. Bd3 b5 15. Ke2 Nb6 16. a3 g5 17. h3 Be7 18. Rae1 Kd7 19. Kd1 Rh6 20. Bf1 Rf6 21. Re2 Nc4 22. Bc3 b4 23. Bxb4 Bxb4 24. axb4 Ra1+ 25. Kc2 Nxe3+ 26. fxe3 Rfxf1 27. Rxf1 Rxf1 28. b5 Rf3 29. bxc6+ bxc6 30. e4 dxe4 31. Rxe4 Rxh3 32. Re5 f6 33. Ra5 Rg3 34. Ra7+ Ke6 35. Rxg7 Rxg4 36. Kd3 Rg3+ 37. Kc4 g4 38. b4 Rg1 39. Kd3 f5 40. Rg8 g3 41. Ke3 Rf1 42. Kd3 Rf3+ 43. Kc4 f4 0-1

[Event "POL-chT DMP Ekstraliga 2019"]
[Site "Katowice"]
[Date "2019.09.02"]
[Round "6.23"]
[White "Plat, Vojtech"]
[Black "Wieczorek, Oskar"]
[Result "1-0"]
[ECO "C00"]
[WhiteElo "2561"]
[BlackElo "2497"]
[Annotator "RC"]
[PlyCount "161"]
[EventDate "2019.08.28"]
[EventType "team-tourn"]
[EventCountry "POL"]
[SourceTitle "playchess.com"]
[Source "ChessBase"]
[SourceQuality "1"]
[TimeControl "40/5400+30:1800+30"]

1. e4 e6 2. d3 c5 3. g3 Nc6 4. Bg2 d5 5. exd5 exd5 6. Ne2 Nf6 7. O-O Be7 8. Bg5 O-O 9. Nf4 Bg4 10. Qc1 d4 11. Nd2 h6 12. Bxf6 Bxf6 13. h3 Bd7 14. Nc4 Rb8 15. Re1 Re8 16. Rxe8+ Bxe8 17. Qd1 b5 18. Nd2 Be5 19. Nd5 Nb4 20. Qe2 Bd6 21. Nxb4 cxb4 22. Re1 Bf8 23. Nb3 g6 24. h4 Qd6 25. Qe5 Qxe5 26. Rxe5 Rc8 27. Bh3 Rd8 28. Na5 Bd6 29. Re2 Bc7 30. Nb7 Rb8 31. Nc5 Bd6 32. Nb3 Bf8 33. h5 gxh5 34. Re5 Rd8 35. Rxh5 Bc6 36. Bg2 Be8 37. Re5 Rc8 38. Bh3 Rd8 39. Re4 Bg7 40. Re7 a6 41. Ra7 Bc6 42. Rxa6 Bf3 43. Bg2 Bd1 44. Rc6 f5 45. Nc5 Be5 46. f4 Bg7 47. Kf2 Re8 48. Bd5+ Kh8 49. Ne6 Bf6 50. Bf3 Bxf3 51. Kxf3 Ra8 52. Nc7 Rc8 53. Rxf6 Rxc7 54. Rxf5 Rxc2 55. b3 Rxa2 56. Rxb5 Rd2 57. Ke4 Rg2 58. Rxb4 Rxg3 59. Rxd4 Kg7 60. Rd7+ Kf6 61. Rd6+ Kg7 62. b4 Rg1 63. b5 Rb1 64. b6 h5 65. Kf5 Rb5+ 66. Ke4 h4 67. Kf3 Rb4 68. f5 Kf7 69. Kg2 Ke7 70. Rh6 Kf7 71. Kh3 Kg7 72. Rd6 Kf7 73. f6 Rf4 74. d4 Kg6 75. Rd8 Rf3+ 76. Kxh4 Rb3 77. Rd6 Kf7 78. Kg4 Kg6 79. Kf4 Kf7 80. Ke4 Rb5 81. Kd3 1-0

[Event "POL-chT DMP Ekstraliga 2019"]
[Site "Katowice"]
[Date "2019.09.02"]
[Round "6.24"]
[White "Zawadzka, Jolanta"]
[Black "Majdan, Joanna"]
[Result "1-0"]
[ECO "B56"]
[WhiteElo "2407"]
[BlackElo "2368"]
[Annotator "NA"]
[PlyCount "97"]
[EventDate "2019.08.28"]
[EventType "team-tourn"]
[EventCountry "POL"]
[SourceTitle "playchess.com"]
[Source "ChessBase"]
[SourceQuality "1"]
[TimeControl "40/5400+30:1800+30"]

1. e4 c5 2. Nf3 d6 3. d4 cxd4 4. Nxd4 Nf6 5. Nc3 Bd7 6. Bg5 e6 7. Ndb5 Bc6 8. Bxf6 gxf6 9. Qh5 a6 10. Nd4 Bd7 11. O-O-O Nc6 12. Nb3 b5 13. f4 Qb6 14. f5 Qe3+ 15. Kb1 Qg5 16. Qe2 Ne5 17. a3 Be7 18. g3 Qh6 19. h4 Rg8 20. Rg1 Rc8 21. Bh3 Nc4 22. fxe6 fxe6 23. Na2 Qe3 24. Qg2 Qh6 25. Nd4 Qh5 26. Rde1 Bd8 27. c3 Bb6 28. Nb4 a5 29. Nbc2 Ke7 30. Rgf1 Qe5 31. g4 b4 32. Nf3 Qb5 33. cxb4 axb4 34. Nxb4 Ne3 35. Qd2 Nxf1 36. Bxf1 Qc5 37. Qh6 Rxg4 38. Qxh7+ Kd8 39. Qh8+ Ke7 40. Qh7+ Kd8 41. Bh3 Rg3 42. Nd5 Rc6 43. Qh8+ Be8 44. Qxf6+ Kc8 45. Bxe6+ Kb7 46. Qe7+ Bc7 47. Qxe8 Rxf3 48. Nb4 Re3 49. Rxe3 1-0

[Event "POL-chT DMP Ekstraliga 2019"]
[Site "Katowice"]
[Date "2019.09.02"]
[Round "6.26"]
[White "Leniart, Arkadiusz"]
[Black "Czarnota, Pawel"]
[Result "1-0"]
[ECO "E62"]
[WhiteElo "2488"]
[BlackElo "2532"]
[Annotator "ChessBase"]
[PlyCount "69"]
[EventDate "2019.08.28"]
[EventType "team-tourn"]
[EventCountry "POL"]
[SourceTitle "playchess.com"]
[Source "ChessBase"]
[SourceQuality "1"]
[TimeControl "40/5400+30:1800+30"]

1. d4 Nf6 2. c4 g6 3. Nc3 Bg7 4. Nf3 O-O 5. g3 d6 6. Bg2 Nc6 7. O-O Bg4 8. h3 Bxf3 9. Bxf3 Nd7 10. e3 e5 11. d5 Ne7 12. e4 f5 13. Kg2 Nf6 14. Rb1 f4 15. h4 h5 16. b4 Bh6 17. c5 Kh7 18. Ne2 Qd7 19. Rb3 Ng4 20. gxf4 Ng8 21. Bxg4 Qxg4+ 22. Rg3 Qxh4 23. Rh1 Qf6 24. f5 gxf5 25. f4 h4 26. Rgh3 exf4 27. Nxf4 fxe4 28. Rxh4 Rf7 29. Qe2 Rg7+ 30. Kf1 Re7 31. Bb2 Qg5 32. Rg4 Qf5 33. Qg2 Qf8 34. Ke1 e3 35. Qc2+ 1-0

[Event "POL-chT DMP Ekstraliga 2019"]
[Site "Katowice"]
[Date "2019.09.02"]
[Round "6.27"]
[White "Olszewski, Michal"]
[Black "Druska, Juraj"]
[Result "1-0"]
[ECO "C11"]
[WhiteElo "2522"]
[BlackElo "2460"]
[Annotator "ChessBase"]
[PlyCount "123"]
[EventDate "2019.08.28"]
[EventType "team-tourn"]
[EventCountry "POL"]
[SourceTitle "playchess.com"]
[Source "ChessBase"]
[SourceQuality "1"]
[TimeControl "40/5400+30:1800+30"]

1. e4 e6 2. d4 d5 3. Nc3 Nf6 4. e5 Nfd7 5. Nce2 c5 6. c3 Nc6 7. Nf3 Be7 8. Nf4 Qa5 9. a3 Nxd4 10. Nxd4 cxd4 11. Qxd4 Bc5 12. Qd2 Qc7 13. Nd3 Nxe5 14. Nxc5 Qxc5 15. Qg5 Ng6 16. Be3 Qe7 17. Qg3 O-O 18. O-O-O Qh4 19. Qxh4 Nxh4 20. Bc5 Bd7 21. Bxf8 Kxf8 22. g3 Nf5 23. Bd3 Nd6 24. Rhe1 h5 25. Bc2 Rc8 26. Rd4 a5 27. a4 g6 28. Bd3 Bc6 29. b3 Ke7 30. Kb2 Kf6 31. Rf4+ Ke7 32. c4 dxc4 33. Bxc4 g5 34. Rd4 Nf5 35. Rd2 h4 36. g4 Nh6 37. h3 Kf6 38. Rd4 Ng8 39. f4 Ne7 40. fxg5+ Kxg5 41. Re5+ Kf6 42. Rxa5 Ng6 43. Rd2 Kg7 44. Rf2 Rd8 45. Rc5 Rd4 46. a5 Be4 47. Rc7 Ne5 48. Bxe6 Rd1 49. Bc4 Bg6 50. Ka3 Ra1+ 51. Kb4 Be4 52. Kb5 Rb1 53. Bxf7 Kh6 54. g5+ Kxg5 55. Rc5 Bd3+ 56. Kb6 Re1 57. Kxb7 Kh6 58. Bd5 Bg6 59. Rf6 Nd7 60. Rxg6+ Kxg6 61. Rc6+ Kf5 62. a6 1-0

[Event "POL-chT DMP Ekstraliga 2019"]
[Site "Katowice"]
[Date "2019.09.02"]
[Round "6.28"]
[White "Kaczmarek, Aleksander"]
[Black "Warakomski, Tomasz"]
[Result "0-1"]
[ECO "B56"]
[WhiteElo "2389"]
[BlackElo "2497"]
[Annotator "ChessBase"]
[PlyCount "119"]
[EventDate "2019.08.28"]
[EventType "team-tourn"]
[EventCountry "POL"]
[SourceTitle "playchess.com"]
[Source "ChessBase"]
[SourceQuality "1"]
[TimeControl "40/5400+30:1800+30"]

1. e4 c5 2. Nf3 Nc6 3. d4 cxd4 4. Nxd4 Nf6 5. Nc3 d6 6. Nb3 g6 7. Bd3 Bg7 8. O-O O-O 9. f4 b5 10. Nxb5 Qb6+ 11. Kh1 Nxe4 12. Bxe4 Qxb5 13. a4 Qa6 14. Be3 Bxb2 15. Rb1 Bg7 16. Qd5 Bb7 17. Nd2 e6 18. Qxd6 Rad8 19. Qc5 Ba8 20. Bd3 Qxa4 21. Bb5 Qa5 22. Bxc6 Qxc5 23. Bxc5 Bxc6 24. Bxf8 Kxf8 25. Nf3 a5 26. Rb6 Bxf3 27. gxf3 Bh6 28. c4 Bxf4 29. Rb2 Ke7 30. Rc2 Rd3 31. Ra1 Bc7 32. Kg2 Kd7 33. Kf2 Kc6 34. Ke2 Rd4 35. Rb1 Rh4 36. Kd3 h5 37. Rb5 Rh3 38. Ke3 Bb6+ 39. Kf4 f6 40. Ke4 g5 41. Re2 Bc7 42. Kd4 Rh4+ 43. Kd3 e5 44. Rbb2 Rd4+ 45. Ke3 Bb6 46. Rec2 a4 47. Ra2 Bc5 48. Ke2 a3 49. Ra1 Rh4 50. Kd3 e4+ 51. fxe4 Rh3+ 52. Kd2 Rxh2+ 53. Kd3 Rh3+ 54. Kd2 Bd4 55. Raa2 Kc5 56. Kd1 Rh1+ 57. Ke2 Rh2+ 58. Kd1 Rxc2 59. Kxc2 Bb2 60. Kd3 0-1

[Event "POL-chT DMP Ekstraliga 2019"]
[Site "Katowice"]
[Date "2019.09.02"]
[Round "6.29"]
[White "Kantans, Toms"]
[Black "Mikrut, Dariusz"]
[Result "1-0"]
[ECO "C86"]
[WhiteElo "2490"]
[BlackElo "2375"]
[Annotator "ChessBase"]
[PlyCount "99"]
[EventDate "2019.08.28"]
[EventType "team-tourn"]
[EventCountry "POL"]
[SourceTitle "playchess.com"]
[Source "ChessBase"]
[SourceQuality "1"]
[TimeControl "40/5400+30:1800+30"]

1. e4 e5 2. Nf3 Nc6 3. Bb5 a6 4. Ba4 Nf6 5. O-O Be7 6. Qe2 b5 7. Bb3 d6 8. c3 O-O 9. Rd1 Na5 10. Bc2 c5 11. d4 Qc7 12. d5 Bd7 13. h3 c4 14. b4 cxb3 15. axb3 Nb7 16. b4 h6 17. Be3 Nh7 18. Ra3 Ng5 19. Nxg5 Bxg5 20. Bxg5 hxg5 21. Nd2 Qb6 22. Rda1 a5 23. Bd3 a4 24. c4 bxc4 25. Nxc4 Qd8 26. Qe3 f5 27. exf5 Bxf5 28. Bxf5 Rxf5 29. Nb6 Rb8 30. Rxa4 Rf8 31. Ra7 Qc7 32. Rc1 Qf7 33. Rc4 Qf5 34. Rc7 Rf7 35. Rxf7 Kxf7 36. Qc1 Kg6 37. Nc4 Qd3 38. Ne3 Nc5 39. Qb2 Qe4 40. b5 Qd4 41. Rxg7+ Kf6 42. Qb1 Qe4 43. Qxe4 Nxe4 44. Rd7 Rxb5 45. f3 Rb1+ 46. Kh2 Nf2 47. Rxd6+ Kf7 48. Re6 e4 49. fxe4 Re1 50. Nf5 1-0

[Event "POL-chT DMP Ekstraliga 2019"]
[Site "Katowice"]
[Date "2019.09.02"]
[Round "6.30"]
[White "Osmak, Iulija"]
[Black "Warakomska, Anna"]
[Result "0-1"]
[ECO "B10"]
[WhiteElo "2414"]
[BlackElo "2241"]
[Annotator "NA"]
[PlyCount "68"]
[EventDate "2019.08.28"]
[EventType "team-tourn"]
[EventCountry "POL"]
[SourceTitle "playchess.com"]
[Source "ChessBase"]
[SourceQuality "1"]
[TimeControl "40/5400+30:1800+30"]

1. e4 c6 2. e5 d5 3. d4 Bf5 4. Nf3 e6 5. Be2 Ne7 6. c3 Ng6 7. O-O c5 8. Be3 Qb6 9. Na3 Nc6 10. c4 Qxb2 11. Nb5 O-O-O 12. cxd5 Rxd5 13. Rc1 Kb8 14. g4 Bxg4 15. Rb1 Qxe2 16. Qxe2 Nh4 17. Qb2 Nxf3+ 18. Kh1 Rd7 19. dxc5 Nfxe5 20. Bf4 Bf3+ 21. Kg1 f6 22. Qa3 Bd5 23. Rfe1 b6 24. Nc3 Nd4 25. Qa4 Bc6 26. Qc4 Ndf3+ 27. Kf1 Nd2+ 28. Bxd2 Nxc4 29. Bf4+ e5 30. cxb6 axb6 31. Bc1 Bc5 32. Ne4 Bxe4 33. Rxe4 Nd2+ 34. Bxd2 Rxd2 0-1

[Event "POL-chT DMP Ekstraliga 2019"]
[Site "Katowice"]
[Date "2019.09.03"]
[Round "7.12"]
[White "Warakomska, Anna"]
[Black "Bartel, Marta"]
[Result "1/2-1/2"]
[ECO "B06"]
[WhiteElo "2241"]
[BlackElo "2206"]
[Annotator "NA"]
[PlyCount "40"]
[EventDate "2019.08.28"]
[EventType "team-tourn"]
[EventCountry "POL"]
[SourceTitle "playchess.com"]
[Source "ChessBase"]
[SourceQuality "1"]
[TimeControl "40/5400+30:1800+30"]

1. e4 g6 2. d4 Bg7 3. Nf3 d6 4. Be3 c6 5. Nc3 b5 6. Bd3 Nd7 7. O-O Qc7 8. Ne2 Bb7 9. a4 b4 10. c3 a5 11. Qb3 bxc3 12. bxc3 Ngf6 13. e5 Nd5 14. e6 fxe6 15. Ng5 Nf8 16. Nf4 Bc8 17. Qc2 Bf6 18. Nxh7 Rxh7 19. Bxg6+ Rf7 20. Bh5 Nxf4 1/2-1/2

[Event "POL-chT DMP Ekstraliga 2019"]
[Site "Katowice"]
[Date "2019.09.03"]
[Round "7.18"]
[White "Socko, Monika"]
[Black "Zawadzka, Jolanta"]
[Result "1-0"]
[ECO "A13"]
[WhiteElo "2423"]
[BlackElo "2403"]
[Annotator "NA"]
[PlyCount "75"]
[EventDate "2019.08.28"]
[EventType "team-tourn"]
[EventCountry "POL"]
[SourceTitle "playchess.com"]
[Source "ChessBase"]
[SourceQuality "1"]
[TimeControl "40/5400+30:1800+30"]

1. c4 e6 2. Nf3 d5 3. g3 Nf6 4. Bg2 Be7 5. d4 O-O 6. O-O c6 7. Nc3 b6 8. Ne5 Bb7 9. e4 dxe4 10. Nxe4 Nfd7 11. Be3 f5 12. Nc3 Nxe5 13. dxe5 Qc8 14. c5 Nd7 15. cxb6 Nxe5 16. bxa7 c5 17. Bxb7 Qxb7 18. Qb3 Qc6 19. Qb5 Rxa7 20. Qxc6 Nxc6 21. Nb5 Rb7 22. a4 Na5 23. Rac1 Ra8 24. Rfd1 Bf6 25. Rxc5 Bxb2 26. Nc7 Rc8 27. Nxe6 Rxc5 28. Nxc5 Re7 29. Rd8+ Kf7 30. Rd5 Nc4 31. Rxf5+ Kg6 32. Rg5+ Kf6 33. Bf4 Ra7 34. Rd5 Ba3 35. Rd4 Nb2 36. Ne4+ Kf5 37. Nc3 h6 38. Nb5 1-0

[Event "POL-chT DMP Ekstraliga 2019"]
[Site "Katowice"]
[Date "2019.09.03"]
[Round "7.21"]
[White "Janik, Igor"]
[Black "Markowski, Tomasz"]
[Result "1-0"]
[ECO "B40"]
[WhiteElo "2470"]
[BlackElo "2554"]
[Annotator "RC"]
[PlyCount "87"]
[EventDate "2019.08.28"]
[EventType "team-tourn"]
[EventCountry "POL"]
[SourceTitle "playchess.com"]
[Source "ChessBase"]
[SourceQuality "1"]
[TimeControl "40/5400+30:1800+30"]

1. e4 c5 2. Nf3 e6 3. g3 b6 4. Bg2 Bb7 5. d3 d6 6. O-O Nd7 7. b3 Ngf6 8. Bb2 Be7 9. Nbd2 O-O 10. Qe2 Qc7 11. h4 d5 12. e5 Ne8 13. h5 Qd8 14. h6 g6 15. Nh2 Nc7 16. Ng4 b5 17. c4 a5 18. d4 bxc4 19. bxc4 Ba6 20. dxc5 Bxc5 21. Rfc1 Rb8 22. Bc3 dxc4 23. Ne4 Nd5 24. Nxc5 Nxc3 25. Rxc3 Nxc5 26. Qe3 Qe7 27. Bf1 Rfc8 28. Rac1 Na4 29. R3c2 Nb6 30. Qd2 Rc5 31. Rb1 Kh8 32. Qf4 Rb7 33. Rcb2 Nd5 34. Rxb7 Bxb7 35. Qd4 Rc8 36. Bxc4 Ba8 37. Bxd5 Bxd5 38. Qf4 g5 39. Qd2 Be4 40. Rc1 Rxc1+ 41. Qxc1 Qb7 42. a3 Bh1 43. f3 Bxf3 44. Qxg5 1-0

[Event "POL-chT DMP Ekstraliga 2019"]
[Site "Katowice"]
[Date "2019.09.03"]
[Round "7.30"]
[White "Kiolbasa, Oliwia"]
[Black "Antolak, Julia"]
[Result "1/2-1/2"]
[ECO "C60"]
[WhiteElo "2246"]
[BlackElo "2257"]
[Annotator "ChessBase"]
[PlyCount "52"]
[EventDate "2019.08.28"]
[EventType "team-tourn"]
[EventCountry "POL"]
[SourceTitle "playchess.com"]
[Source "ChessBase"]
[SourceQuality "1"]
[TimeControl "40/5400+30:1800+30"]

1. e4 e5 2. Nf3 Nc6 3. Bb5 g6 4. d4 exd4 5. Bg5 Be7 6. Bxe7 Qxe7 7. Bxc6 dxc6 8. Qxd4 Nf6 9. Nc3 Bg4 10. Nd2 c5 11. Qe3 O-O-O 12. h3 Bd7 13. O-O-O Bc6 14. f3 Nd5 15. Nxd5 Rxd5 16. Nc4 Rxd1+ 17. Rxd1 Re8 18. Qf4 Qe6 19. b3 f6 20. Kb2 b6 21. Nxb6+ cxb6 22. Rd6 Qe5+ 23. Qxe5 fxe5 24. Rxc6+ Kd7 25. Rf6 Ke7 26. Rc6 Kd7 1/2-1/2